 Dungeon Crawl Stone Soup version 0.29-a0-643-ga013cefcf8 (console) character file.

Game seed: 17421455978586026318

100 shmup the Chopper (level 4, -2/41 HPs)
             Began as a Hill Orc Fighter on Mar 21, 2021.
             Slain by Sigmund
             ... wielding a +0 scythe
              (8 damage)
             ... on level 2 of the Dungeon on June 19, 2022.
             The game lasted 00:09:04 (1367 turns).

shmup the Chopper (Hill Orc Fighter)                Turns: 1367, Time: 00:09:05

Health: -2/41      AC:  6    Str: 18    XL:     4   Next: 74%
Magic:  4/4        EV:  7    Int:  8    God:
Gold:   71         SH:  8    Dex: 12    Spells: 3/3 levels left

rFire   . . .      SeeInvis .   a - +0 war axe
rCold   . . .      Faith    .   c - +0 kite shield
rNeg    . . .      Spirit   .   b - +0 scale mail
rPois   .          Reflect  .   (no helmet)
rElec   .          Harm     .   (no cloak)
rCorr   .          Rampage  .   (no gloves)
Will    .....                   (no boots)
Stlth   ..........              (no amulet)
HPRegen 0.13/turn               (no ring)
MPRegen 0.09/turn               (no ring)

@: no status effects
A: no striking features
a: no special abilities


You were on level 2 of the Dungeon.
You visited 1 branch of the dungeon, and saw 2 of its levels.

You collected 71 gold pieces.

Inventory:

Hand Weapons
 a - a +0 war axe (weapon)
Missiles
 g - 34 stones (quivered)
 l - 2 poisoned darts
Armour
 b - a +0 scale mail (worn)
 c - a +0 kite shield (worn)
Magical Staves
 m - a staff of air
Wands
 n - a wand of iceblast (3)
Scrolls
 j - 2 scrolls of teleportation {unknown}
 k - 2 scrolls of magic mapping {unknown}
Potions
 d - a potion of might
 e - a potion of heal wounds {unknown}
 f - 2 potions of curing {unknown}
 h - a potion of brilliance {unknown}
 i - 2 potions of resistance {unknown}


   Skills:
 + Level 4.4 Fighting
 + Level 5.7 Axes
 - Level 3.2 Armour
 - Level 3.2 Shields


You had 3 spell levels left.
You didn't know any spells.
Your spell library was empty.

Dungeon Overview and Level Annotations

Branches:
Dungeon (2/15)

Altars:

Annotations:
D:2 Sigmund


Message History

Press: ? - help, Shift-Dir - straight line, f - you
Okay, then.
Unknown command.
Unknown command.
You block Sigmund's attack. Sigmund closely misses you.
Sigmund hits you from afar with a +0 scythe.
Sigmund gestures at you while chanting.
You are confused.
You are too confused!
Unknown command.
You are too confused!
Unknown command.
Sigmund hits you with a +0 scythe!
* * * LOW HITPOINT WARNING * * *
You bump into the rock wall.
Sigmund hits you with a +0 scythe!
* * * LOW HITPOINT WARNING * * *
You bump into the rock wall.
Sigmund closely misses you.
You bump into the rock wall.
You feel less confused.
You closely miss Sigmund. You block Sigmund's attack.
Aiming: Iceblast
Press: ? - help, Shift-Dir - straight line That beam is likely to hit you.
Continue anyway? [Y]es or [N]o only, please.
That beam is likely to hit you.
Continue anyway? [Y]es or [N]o only, please.
That beam is likely to hit you.
Continue anyway? [Y]es or [N]o only, please.
That beam is likely to hit you.
Continue anyway?
Okay, then.
You hit Sigmund but do no damage. Sigmund barely misses you.
You hit Sigmund but do no damage. Sigmund hits you with a +0 scythe.
* * * LOW HITPOINT WARNING * * *
You barely miss Sigmund. Sigmund barely misses you.
You slash Sigmund!
Sigmund is moderately wounded.
Sigmund hits you with a +0 scythe!
You die...

▒▒▒▒..▒.▒▒▒▒▒▒▒▒
▒▒▒▒▒.▒.▒
........▒
▒▒▒▒.▒..▒
▒▒▒+▒..▒▒▒
▒.....>..▒▒▒▒▒▒▒▒
▒...............▒
▒........▒▒▒▒▒▒.▒
▒........▒ ▒.▒
▒........▒
▒.▒▒▒▒▒▒▒▒▒▒.
▒........▒
▒o@..........
▒........▒
▒▒▒▒▒▒▒▒▒▒▒▒▒
▒........▒
▒........▒
▒........▒
▒........▒
▒........▒
▒........▒
▒▒▒▒▒▒▒▒▒▒


You could see Sigmund.

Vanquished Creatures
  4 endoplasms
  An adder (D:2)
  2 dart slugs (D:1)
  4 ball pythons
  2 bats (D:1)
  4 goblins
  5 hobgoblins
  4 kobolds
  2 quokkas (D:1)
  3 frilled lizards
  7 rats (D:1)
38 creatures vanquished.

Notes
Turn   | Place    | Note
-------+----------+-------------------------------------------
     0 | D:1      | shmup the Hill Orc Fighter began the quest for the Orb.
     0 | D:1      | Reached XP level 1. HP: 19/19 MP: 1/1
     0 | D:1      | Upgraded the game from 0.27-a0-686-gaed091b46b to
                  | 0.28-a0-268-g3f656e82c2
     0 | D:1      | Upgraded the game from 0.28-a0-268-g3f656e82c2 to
                  | 0.29-a0-643-ga013cefcf8
    81 | D:1      | Reached skill level 3 in Axes
   302 | D:1      | Reached XP level 2. HP: 26/26 MP: 2/2
   433 | D:1      | Reached skill level 4 in Axes
   500 | D:1      | Reached XP level 3. HP: 30/31 MP: 3/3
   516 | D:1      | Reached skill level 5 in Axes
   733 | D:1      | Reached XP level 4. HP: 38/40 MP: 4/4
  1210 | D:2      | Found a faded altar of an unknown god.
  1342 | D:2      | Noticed Sigmund
  1367 | D:2      | Slain by Sigmund

Illustrated notes

Levels and vault maps discovered:
D:1:      nagdon_arrival_zigzag_paths, layout_basic
D:2:      cheibrodos_old_hovel, layout_basic, serial_glass, glass_columns_a,
          glass_columns_a, ebering_ecumenical_altar_rust, uniq_sigmund

Skill      XL: |  1  2  3  4 |
---------------+-------------+-----
Axes           | 3 4 5 |  5.7
Fighting       | 4 |  4.4
Armour         | |  3.2
Shields        | |  3.2

Action                   |  1- 3 |  4- 6 || total
-------------------------+-------+-------++-------
Melee: War axe           |    47 |    45 ||    92
Throw: Stone             |     3 |       ||     3
Armor: Scale mail        |    25 |    17 ||    42
Dodge: Dodged            |    18 |    15 ||    33
Block: Kite shield       |    28 |    21 ||    49

Table legend: (Time is in decaauts)
 A = Elapsed time spent in this place.
 B = Non-inter-level travel time spent in this place.
 C = Inter-level travel time spent in this place.
 D = Time resting spent in this place.
 E = Time spent auto-exploring this place.
 F = Levels seen in this place.
 G = Mean time per level.
                   A        B        C        D        E       F      G
               +--------+--------+--------+--------+--------+-----+--------+
         Total |   1408 |   1390 |     18 |      3 |   1029 |   2 |  704.0 |
       Dungeon |   1408 |   1390 |     18 |      3 |   1029 |   2 |  704.0 |
               +--------+--------+--------+--------+--------+-----+--------+

Top non-repeatable levels by time:
     D:1: 1025 daAuts
     D:2: 383 daAuts
